 Dungeon Crawl Stone Soup version bcrawl-1.32 (webtiles) character file.

Game seed: 4143424018339096726

190485 Morbidden the Sneak (level 6, 0/35 HPs)
             Began as a Vine Stalker Archaeologist on June 23, 2021.
             Slain by a sky beast (5 damage)
             ... on level 4 of the Dungeon.
             The game lasted 00:04:02 (2286 turns).

Morbidden the Sneak (Vine Stalker Archaeologist)    Turns: 2286, Time: 00:04:02

Health: 0/35       AC:  6    Str: 16    XL:     6   Next: 9%
Magic:  7/7        EV: 12    Int: 14    God:
Gold:   302        SH:  4    Dex: 12    Spells: 5/5 levels left

rFire    . . .     SeeInvis .   a - +0 whip
rCold    . . .     Gourm    .   u - +0 buckler
rNeg     . . .     Faith    .   c - +1 robe
rPois    .         Spirit   .   d - +1 hat
rElec    .         Reflect  .   (no cloak)
rCorr    .         Harm     .   (no gloves)
MR       .....                  p - +1 pair of boots
Stlth    +++.......             q - amulet of the acrobat
HPRegen  0.51/turn              (no ring)
MPRegen  0.10/turn              (no ring)

@: no status effects
A: fangs 3, regeneration 1, no potion heal 3, rot immunity, strong jaws
a: no special abilities


You were on level 4 of the Dungeon.
You were hungry.

You visited 1 branch of the dungeon, and saw 4 of its levels.

You collected 302 gold pieces.

Inventory:

Hand Weapons
 a - a +0 whip (weapon)
 b - a +0 hand crossbow of flaming
 k - a +0 blowgun
 A - a +0 hunting sling
Missiles
 f - 6 curare-tipped needles
 n - 137 poisoned needles
 s - 275 stones (quivered)
 x - 282 sling bullets
 B - 265 bolts
Armour
 c - a +1 robe (worn)
 d - a +1 hat (worn)
 p - a +1 pair of boots (worn)
 u - a +0 buckler (worn)
Jewellery
 q - an amulet of the acrobat (around neck)
Wands
 h - a wand of disintegration (38)
Scrolls
 g - 2 scrolls of magic mapping
 i - 4 scrolls of identify
 l - a scroll of teleportation {unknown}
 m - a scroll of immolation {unknown}
 o - 2 scrolls of remove curse {unknown}
 y - a scroll of fear {unknown}
Potions
 j - 3 potions of berserk rage {unknown}
 r - a potion of haste {unknown}
 t - a potion of mutation {unknown}
 v - a potion of curing {unknown}
 z - a potion of lignification {unknown}
Comestibles
 e - 6 rations {!d}


   Skills:
 * Level 2.2 Fighting
 + Level 1.8 Maces & Flails
 + Level 2.0 Slings
 * Level 4.6 Dodging
 + Level 5.4 Stealth
 * Level 1.0 Shields
 * Level 0.8 Evocations


You had 5 spell levels left.
You didn't know any spells.
Your spell library was empty.

Dungeon Overview and Level Annotations

Branches:
Dungeon (4/12)
 Temple: D:4-7

Altars:
Makhleb
Trog
The Shining One


Innate Abilities, Weirdness & Mutations

You have razor-sharp teeth.
Your natural rate of healing is unusually fast.
Potions cannot restore your health.
You are immune to rotting.
Your bites deal extra damage.


Message History

The sky beast hits you. The sky beast shocks you.
You barely miss the sky beast.
The sky beast flickers out of sight!
Deactivating autopickup; reactivate with Ctrl-A.
You block something's attack.
No target in view!
No target in view!
No target in view!
You hit something. Something hits you but does no damage.
You closely miss something. Something hits you. Something shocks you.
You miss something. You bite something. Something hits you but does no damage.
Your shield prevents you from hitting something.
You bite something! You block something's attack.
Something hits you but does no damage.
You closely miss something. Something hits you. Something shocks you.
You closely miss something. Something hits you. Something shocks you.
* * * LOW HITPOINT WARNING * * *
You hit something. Something hits you.
* * * LOW HITPOINT WARNING * * *
Something shocks you.
You die...

.8## ...# ..# 8.# #.# #.....
########.# # #..#.# #.#...#..#
#.#...... ##.#...#.#########
#..#..#.# #..........@.....#
#........ #..#..######.....#
#.#..#.# #..#..# ##.#.#.#
#...... ######.....#
#.......### #..#.#
...<.#..##.#
#..#.#.....##.....
.....#..##.# #......##
#.#.##.# ####.......#
##........###.....#
#.#................##...#.####
#......................#...#


There were no monsters in sight!

Vanquished Creatures
  4 hounds
  3 adders
  An ooze (D:1)
  An adder skeleton (D:4)
  3 worms (D:2)
  2 dart slugs
  4 leopard geckos (D:2)
  5 giant cockroaches
  6 goblins
  10 hobgoblins
  16 jackals
  A quokka (D:2)
  5 bats
  4 frilled lizards (D:1)
  6 kobolds
  4 rats
  A fungus (D:1)
76 creatures vanquished.

Vanquished Creatures (others)
  4 toadstools (D:1)
4 creatures vanquished.

Grand Total: 80 creatures vanquished

Notes
Turn   | Place    | Note
-------+----------+-------------------------------------------
     0 | D:1      | Morbidden the Vine Stalker Archaeologist began the quest
                  | for the Orb.
     0 | D:1      | Reached XP level 1. HP: 11/11 MP: 2/2
    64 | D:1      | Reached XP level 2. HP: 16/16 MP: 3/3
   247 | D:1      | Reached skill level 1 in Fighting
   317 | D:1      | Reached skill level 1 in Maces & Flails
   412 | D:1      | Reached skill level 5 in Stealth
   420 | D:1      | Reached XP level 3. HP: 20/20 MP: 4/4
   773 | D:1      | Found a glowing golden altar of the Shining One.
   795 | D:2      | Reached XP level 4. HP: 24/25 MP: 5/5
  1376 | D:2      | Found a bloodstained altar of Trog.
  1651 | D:3      | Reached XP level 5. HP: 29/29 MP: 6/6
  1651 | D:3      | Identified a scroll of acquirement
  1651 | D:3      | Identified the ring of Netil {rF+ Int+3} (You acquired it
                  | on level 3 of the Dungeon)
  1681 | D:3      | Reached skill level 1 in Slings
  1848 | D:3      | Found a burning altar of Makhleb.
  1952 | D:3      | Reached skill level 1 in Shields
  1952 | D:3      | Gained mutation: You have razor-sharp teeth. [Vine Stalker
                  | growth]
  1952 | D:3      | Reached XP level 6. HP: 26/35 MP: 7/7
  2271 | D:4      | Noticed a sky beast
  2286 | D:4      | Slain by a sky beast

Skill      XL: |  1  2  3  4  5 |
---------------+----------------+-----
Fighting       | 1 2 |  2.2
Maces & Flails | 1 |  1.8
Stealth        | 5 |  5.4
Dodging        | 4 |  4.6
Slings         | 2 |  2.0
Shields        | 1 |  1.0
Evocations     | |  0.8

Action                   |  1- 3 |  4- 6 || total
-------------------------+-------+-------++-------
Melee: Whip              |    94 |    79 ||   173
       Bite              |    10 |     6 ||    16
 Fire: Hunting sling     |       |   165 ||   165
       Hand crossbow     |       |     2 ||     2
  Use: Scroll            |       |     2 ||     2
 Stab: Sleeping          |     9 |     4 ||    13
  Eat: Chunk             |     2 |    12 ||    14
Armor: Robe              |    21 |    75 ||    96
Dodge: Dodged            |    47 |   159 ||   206
Block: Buckler           |       |    39 ||    39
